cohdb
Replays
Latest Replays
All Replays
Popular Replays
Top Player Replays
Match Explorer
How It Works
Community
CoH3 Stats
Reddit
Sign in to upload your games and track your stats! →
Sign in with Steam
Match 47425363
Unlisted
Match 47425363
Overview
Messages
Build Orders
End
Panzergrenadier Squad
250 Light Carrier
Kradschützen Motorcycle Team
Construct Light Support Kompanie
2.5-tonne Medical Truck
Combat Half-tracks
Fire Support Elements
Panzerjäger Mechanized Group
Vehicle Survival Package
Flakvierling Half-track
Tungsten Core Ammunition
Assault Grenadier Squad
Assault Mechanized Group
Construct Panzerarmee Kommand
Panzer III L Medium Tank
Selects Battlefield Espionage Battlegroup
Selects Battlefield Espionage Battlegroup
Selects Intel Disruption Beacon
Selects Transfer Depots
Selects Intel Disruption Beacon
Selects Plunder
Selects Firestorm
Firestorm
Pak 38 Mechanized Group
mi prima de Cifuentes
MrStealYourHitler
Fundermerwe
Sheogorath-Sama
patito
A2O
-97
Happy Se Hyeon
0
0
Comments
sign in to comment!
No comments posted yet!